 Dungeon Crawl Stone Soup version 0.19.5 (webtiles) character file.

4844 HeyBub the Fighter (level 10, -5/95 HPs)
             Began as a Minotaur Gladiator on May 2, 2017.
             Was a Priest of Okawaru.
             Killed from afar by a guardian serpent (17 damage)
             ... with a bolt of poison
             ... on level 9 of the Dungeon.
             The game lasted 00:16:40 (7946 turns).

HeyBub the Fighter (Minotaur Gladiator)             Turns: 7946, Time: 00:16:40

Health: -5/95      AC:  4    Str: 26    XL:     10   Next: 25%
Magic:  9/9        EV: 15    Int:  5    God:    Okawaru [***...]
Gold:   322        SH:  0    Dex: 12    Spells: 0 memorised, 9 levels left

rFire  . . .     SeeInvis .     a - +3 long sword
rCold  . . .     Gourm    .     b - +1 leather armour
rNeg   . . .     Faith    .     (no shield)
rPois  .         Spirit   .     (helmet unavailable)
rElec  .         Reflect  .     (no cloak)
rCorr  .         Harm     .     (no gloves)
MR     .....     Rnd*Rage +     (no boots)
Stlth  +.........               (no amulet)
                                (no ring)
                                (no ring)

@: lethally poisoned (-5 -> -11)
A: retaliatory headbutt, horns 3, talons 1, berserk 1, blink, blurry vision 1,
strong 2
a: Blink, Heroism, Renounce Religion


You were on level 9 of the Dungeon.
You worshipped Okawaru.
Okawaru was most pleased with you.
You were not hungry.

You visited 2 branches of the dungeon, and saw 10 of its levels.
You also visited: Sewer and Ossuary.

You collected 322 gold pieces.

Inventory:

Hand Weapons
 a - a +3 long sword (weapon)
 D - a +0 scimitar
Missiles
 d - 5 throwing nets
 q - 7 tomahawks (quivered)
 C - 2 javelins
Armour
 b - a +1 leather armour (worn)
 c - a +2 hat
 F - a +0 leather armour of cold resistance
Rods
 y - a +0 lightning rod (10/10)
   (You found it on level 6 of the Dungeon)
Wands
 e - a wand of paralysis (14/24)
Scrolls
 i - 5 scrolls of blinking
 p - 3 scrolls of remove curse
 t - a scroll of fog
 v - 2 scrolls of teleportation
 H - a scroll of recharging
Potions
 h - 2 potions of ambrosia {unknown}
 j - 5 potions of curing
 k - a potion of cancellation {unknown}
 l - 5 potions of lignification
 n - 6 potions of might
 o - a potion of brilliance {unknown}
 s - 4 potions of agility {unknown}
 u - a potion of haste
 z - 2 potions of magic {unknown}
 A - a potion of flight {unknown}
 E - 2 potions of degeneration {unknown}
 G - 2 potions of berserk rage
Books
 m - a book of Debilitation

   Spells                             Type                      Level
   a - Corona                         Hexes                        1
   b - Slow                           Hexes                        2
   c - Gell's Gravitas                Hexes/Translocation          3
   d - Inner Flame                    Hexes/Fire                   3
   e - Cause Fear                     Hexes                        4
   f - Leda's Liquefaction            Hexes/Earth                  4
 r - a book of Maledictions

   Spells                             Type                      Level
   a - Corona                         Hexes                        1
   b - Ensorcelled Hibernation        Hexes/Ice                    2
   c - Confuse                        Hexes                        3
   d - Tukima's Dance                 Hexes                        3
   e - Dazzling Spray                 Conjuration/Hexes            3
Comestibles
 f - 9 bread rations
 g - 6 beef jerkies
 x - 3 meat rations


   Skills:
 - Level 11.0 Fighting
 - Level 9.1 Long Blades
 - Level 7.2 Throwing
 + Level 3.6 Armour
 - Level 7.5 Dodging


You had 9 spell levels left.
You didn't know any spells.

Dungeon Overview and Level Annotations

Branches:
Dungeon (9/15)             Temple (0/1) D:6            Lair (1/6) D:8
    Orc: D:9-12

Altars:
Okawaru

Shops:
D:7 [


Innate Abilities, Weirdness & Mutations

You reflexively headbutt those who attack you in melee.
You have a pair of large horns on your head.
You have sharp toenails.
You tend to lose your temper in combat.
You can translocate small distances at will.
Scrolls take you a little longer to read.
Your muscles are very strong. (Str +4)


Message History

With Pikel's spell broken, the former slaves thank you for their freedom.
You feel sick.
The guardian serpent misses the freed slave.
You feel sick.
The guardian serpent hits the freed slave!
The freed slave closely misses the guardian serpent.
The guardian serpent casts a spell at you.
The bolt of poison hits the freed slave.
The freed slave is poisoned.
The bolt of poison hits you!
You are more poisoned.
* * * LOW HITPOINT WARNING * * *
Things that are here:
a whip of freezing; a robe You feel better.
The freed slave dies!
The guardian serpent coils itself and waves its upper body at you.
The bolt of poison hits you!
You are poisoned.
You die...

............
##..#......#
...........
ap...>....#
..K.......+
p......S#p# #[..# .
#...# .. #@p.#
#.####...#
##........#
..........#########
#####.[.†..†......
#...###.......
###.....†.......
#.......####+###
#.#.....#


You could see a guardian serpent and 2 neutral freed slaves.

Vanquished Creatures
  The ghost of om the Basher, a novice GrFi (D:8)
  Pikel (D:9)
  Joseph (D:7)
  A spiny frog (Lair:1)
  A hippogriff (D:7)
  A hornet (D:8)
  A water moccasin (D:7)
  A phantom (D:5)
  2 orc warriors
  A slave (D:9)
  2 ogres
  A centaur (D:5)
  2 big kobolds
  An elf zombie (Ossuary)
  5 bullfrogs
  A scorpion (D:8)
  3 howler monkeys
  5 crimson imps
  A jelly (D:5)
  3 centaur zombies (Ossuary)
  Crazy Yiuf (D:7)
  2 human zombies (Ossuary)
  5 orc wizards
  4 orc priests
  A hound (D:5)
  2 hell rats (D:6)
  2 iguanas
  7 worker ants
  2 big kobold zombies (Ossuary)
  A hound skeleton (D:6)
  A mummy (Ossuary)
  A worker ant zombie (D:7)
  11 adders
  6 gnolls (D:8)
  16 river rats
  5 shadow imps
  2 oozes
  An adder zombie (D:8)
  2 worms
  4 dart slugs
  2 leopard geckos
  22 orcs
  6 bats
  7 giant cockroaches
  7 goblins
  13 hobgoblins
  8 jackals
  2 quokkas
  5 ball pythons
  5 frilled lizards
  2 goblin zombies
  11 hobgoblin zombies (Ossuary)
  A jackal skeleton (D:6)
  31 kobolds
  7 kobold zombies (Ossuary)
  6 orc zombies (Ossuary)
  A quokka zombie (D:7)
  49 rats
  3 bushes (D:8)
  A fungus (D:8)
300 creatures vanquished.

Vanquished Creatures (others)
  A slave (D:9)
1 creature vanquished.

Grand Total: 301 creatures vanquished

Notes
Turn   | Place    | Note
-------+----------+-------------------------------------------
     0 | D:1      | HeyBub the Minotaur Gladiator began the quest for the Orb.
     0 | D:1      | Reached XP level 1. HP: 18/18 MP: 0/0
     2 | D:1      | Noticed a vampire
     4 | D:1      | Noticed a dwarf
     6 | D:1      | Noticed a demigod
     6 | D:1      | Noticed an ogre
     8 | D:1      | Noticed a centaur
     8 | D:1      | Noticed a draconian
    10 | D:1      | Noticed an elf
    10 | D:1      | Noticed a ghoul
    12 | D:1      | Noticed a human
    12 | D:1      | Noticed a naga
    14 | D:1      | Noticed a felid
    14 | D:1      | Noticed a demonspawn
    16 | D:1      | Noticed a gargoyle
    16 | D:1      | Noticed a minotaur
    18 | D:1      | Noticed an octopode
    18 | D:1      | Noticed a formicid
    20 | D:1      | Noticed a halfling
    20 | D:1      | Noticed a vine stalker
    24 | D:1      | Noticed a troll
    24 | D:1      | Noticed a merfolk
    26 | D:1      | Noticed a spriggan
    26 | D:1      | Noticed a tengu
   199 | D:1      | Reached XP level 2. HP: 25/25 MP: 1/1
   429 | D:1      | Reached skill level 5 in Long Blades
   444 | D:1      | Reached XP level 3. HP: 14/30 MP: 2/2
  1192 | D:2      | Reached XP level 4. HP: 31/37 MP: 3/3
  2272 | D:4      | Noticed an ogre
  2273 | D:4      | Reached XP level 5. HP: 42/42 MP: 4/4
  2284 | D:4      | Killed an ogre
  2842 | D:5      | Entered Level 5 of the Dungeon
  2845 | D:5      | Gained mutation: You have sharp toenails. [potion of beneficial mutation]
  2846 | D:5      | Gained mutation: You are agile. (Dex +2) [potion of beneficial mutation]
  2937 | D:5      | Noticed a phantom
  2946 | D:5      | Reached XP level 6. HP: 29/50 MP: 5/5
  3301 | D:5      | Reached XP level 7. HP: 28/56 MP: 6/6
  3427 | D:5      | Found a glowing drain.
  3436 | Sewer    | Entered a sewer
  3440 | Sewer    | Lost mutation: You are agile. (Dex +2) [potion of mutation]
  3440 | Sewer    | Gained mutation: You have a pair of large horns on your head. [potion of mutation]
  3440 | Sewer    | Gained mutation: Scrolls take you a little longer to read. [potion of mutation]
  3441 | Sewer    | Gained mutation: Your muscles are strong. (Str +2) [potion of mutation]
  3441 | Sewer    | Gained mutation: You tend to lose your temper in combat. [potion of mutation]
  3441 | Sewer    | Gained mutation: Your muscles are very strong. (Str +4) [potion of mutation]
  3448 | Sewer    | Reached skill level 5 in Dodging
  4270 | D:6      | Got a slimy mace
  4276 | D:6      | Found an iron altar of Okawaru.
  4285 | D:6      | Became a worshipper of Warmaster Okawaru
  4306 | D:6      | Reached XP level 8. HP: 62/62 MP: 7/7
  4344 | D:6      | Reached skill level 3 in Fighting
  4363 | D:6      | Identified the +9 mace of Circular Logic {flame, rC+} (You found it on level 6 of the Dungeon)
  4411 | D:6      | Found a staircase to the Ecumenical Temple.
  4605 | D:6      | Reached skill level 4 in Fighting
  4699 | D:6      | Reached skill level 5 in Fighting
  4766 | D:6      | Reached * piety under Okawaru
  4843 | D:6      | Reached skill level 6 in Fighting
  5148 | D:7      | Reached skill level 7 in Fighting
  5196 | D:7      | Noticed a hippogriff
  5204 | D:7      | Killed a hippogriff
  5204 | D:7      | Reached skill level 8 in Fighting
  5239 | D:7      | Reached skill level 9 in Fighting
  5239 | D:7      | Reached XP level 9. HP: 65/83 MP: 8/8
  5271 | D:7      | Noticed Joseph
  5280 | D:7      | HP: 4/83 [Joseph/uncursed quarterstaff of speed (12)]
  5293 | D:7      | Killed Joseph
  5293 | D:7      | Reached ** piety under Okawaru
  5293 | D:7      | Reached skill level 10 in Fighting
  5345 | D:7      | Found a sand-covered staircase.
  5356 | Ossuary  | Entered an ossuary
  5838 | D:7      | Found a runed door.
  5936 | D:7      | Reached skill level 11 in Fighting
  5964 | D:7      | Found Orhawn's Antique Armour Shoppe.
  6090 | D:7      | Noticed Crazy Yiuf
  6094 | D:7      | Killed Crazy Yiuf
  6189 | D:8      | Paralysed by a hornet for 3 turns
  6262 | D:8      | Noticed om's ghost (novice GrFi)
  6328 | D:8      | Killed om's ghost
  6328 | D:8      | Reached *** piety under Okawaru
  6328 | D:8      | Reached skill level 5 in Throwing
  6640 | D:8      | Found a staircase to the Lair.
  6967 | D:8      | Gained mutation: You can translocate small distances at will. [potion of beneficial mutation]
  7062 | D:8      | Reached XP level 10. HP: 80/95 MP: 9/9
  7527 | Lair:1   | Entered Level 1 of the Lair of Beasts
  7538 | Lair:1   | Noticed a spiny frog
  7552 | Lair:1   | Killed a spiny frog
  7939 | D:9      | Noticed a guardian serpent
  7939 | D:9      | Noticed Pikel
  7944 | D:9      | Killed Pikel
  7946 | D:9      | Killed from afar by a guardian serpent

Skill      XL: |  1  2  3  4  5  6  7  8  9 10 |
---------------+-------------------------------+-----
Long Blades    | 4 5 6 8 9 |  9.1
Dodging        | 4 7 |  7.5
Fighting       | 9 11 | 11.0
Throwing       | 6 7 |  7.2
Armour         | 3 |  3.6

Action                   |  1- 3 |  4- 6 |  7- 9 | 10-12 || total
-------------------------+-------+-------+-------+-------++-------
Melee: Long sword        |    76 |   105 |   369 |    87 ||   637
       Headbutt          |    13 |    24 |    83 |    26 ||   146
       Kick              |       |    21 |   143 |    48 ||   212
Throw: Throwing net      |       |     1 |       |       ||     1
       Tomahawk          |       |     4 |    12 |       ||    16
Invok: Heroism           |       |       |     1 |       ||     1
  Use: Scroll            |     1 |    12 |     9 |     2 ||    24
       Potion            |     1 |     2 |    13 |     3 ||    19
  Eat: Meat ration       |       |     2 |       |       ||     2
       Beef jerky        |       |       |     3 |       ||     3
       Royal jelly       |       |       |     2 |       ||     2
       Fruit             |       |       |       |     3 ||     3
       Pizza             |       |       |       |     3 ||     3
Armor: Leather armour    |    30 |    20 |    42 |     2 ||    94
       Skin              |       |       |       |     7 ||     7
Dodge: Dodged            |    56 |    59 |   237 |    22 ||   374
       Rpst.: Long sword |    13 |    12 |    63 |    10 ||    98
